[Event "Titled Tuesday Blitz January 10 Late 2023"]
[White "Vachier-Lagrave, Maxime"]
[Black "Costachi, Mihnea"]
[WhiteFideId "623539"]
[BlackFideId "1217518"]
[WhiteElo "2742"]
[BlackElo "2476"]
[Result "1-0"]
[Round "05"]
[TimeControl "180+2"]
[Date "2023.01.10"]
[WhiteClock "0:00:22"]
[BlackClock "0:00:02"]

1. d4 Nf6 2. c4 g6 3. Nc3 Bg7 4. e4 O-O 5. Bd3 d6 6. Nge2 e5 7. d5 a5 8. f3 Na6 9. Be3 Ne8 10. Qd2 f5 11. O-O-O f4 12. Bf2 Bd7 13. a3 c6 14. Kb1 Rb8 15. Nc1 cxd5 16. exd5 Nc5 17. Bc2 b5 18. cxb5 Bxb5 19. Bxc5 dxc5 20. d6 Bc4 21. d7 Nf6 22. Ne4 Qb6 23. Qc3 Kh8 24. d8=Q Rfxd8 25. Rxd8+ Qxd8 26. Qxc4 Nd5 27. Rd1 Qb6 28. Qb3 Nb4 29. axb4 axb4 30. Rd7 1-0


[Site "https://www.chess.com"]

[Event "Titled Tuesday Blitz January 10 Late 2023"]
[White "Martinez Ramirez, Lennis"]
[Black "Sarana, Alexey"]
[WhiteFideId "3509079"]
[BlackFideId "24133795"]
[WhiteElo "2426"]
[BlackElo "2685"]
[Result "0-1"]
[Round "05"]
[TimeControl "180+2"]
[Date "2023.01.10"]
[WhiteClock "0:00:02"]
[BlackClock "0:00:05"]

1. c4 e6 2. d4 d5 3. Nf3 Nf6 4. g3 Bb4+ 5. Bd2 Be7 6. Bg2 c6 7. O-O O-O 8. Qc2 Nbd7 9. Rd1 h6 10. Bf4 a5 11. Nbd2 Nh5 12. Be3 Nhf6 13. h3 b6 14. g4 Ba6 15. Rac1 Rc8 16. g5 hxg5 17. Nxg5 g6 18. Ndf3 Nh7 19. Nxh7 Kxh7 20. b3 Kg7 21. Qb2 Rh8 22. Bf4 Bf6 23. e3 Rh5 24. Nh2 Bg5 25. Bg3 Bh4 26. Re1 Bxg3 27. fxg3 Qg5 28. Qf2 Qf6 29. e4 Qxf2+ 30. Kxf2 dxe4 31. Rxe4 c5 32. d5 exd5 33. Re7 Nf6 34. Ra7 Rf5+ 35. Kg1 dxc4 36. Rxa6 cxb3 37. axb3 Rb8 38. Nf3 Nd5 39. g4 Rf4 40. Ra7 Ne3 41. Ng5 Re8 42. Rb7 Re5 43. Nf3 Re6 44. Ng5 Re5 45. Nf3 Ree4 46. Rc3 Re6 47. Ng5 Re5 48. Nf3 Re6 49. Nd2 Rd4 50. Nf3 Rd1+ 51. Kh2 Nd5 52. Rc2 Nf4 53. Kg3 Rf6 54. Kh2 Rd3 55. Rf2 Nxg2 56. Kxg2 Rxb3 57. Ne5 Rxf2+ 58. Kxf2 Kf6 59. Nxf7 a4 60. Nd6 a3 61. h4 a2 62. Ra7 Rb2+ 63. Kg3 Ke6 64. Nc4 Rb3+ 65. Kf4 b5 66. Ne3 Rb4+ 67. Kf3 Rb2 68. Ra6+ Kf7 69. g5 b4 70. Rf6+ Kg7 71. Ra6 b3 72. Nc4 Rh2 73. Ra7+ Kf8 74. Kg3 Rc2 75. Nd6 b2 76. Ra8+ Ke7 77. Nc8+ Ke6 0-1


[Site "https://www.chess.com"]

[Event "Titled Tuesday Blitz January 10 Late 2023"]
[White "Caruana, Fabiano"]
[Black "Nazari, Arad"]
[WhiteFideId "2020009"]
[BlackFideId "12577324"]
[WhiteElo "2764"]
[BlackElo "2367"]
[Result "0-1"]
[Round "05"]
[TimeControl "180+2"]
[Date "2023.01.10"]
[WhiteClock "0:00:09"]
[BlackClock "0:00:12"]

1. e4 c5 2. Nf3 d6 3. Bb5+ Nd7 4. O-O a6 5. Bxd7+ Bxd7 6. d4 cxd4 7. Qxd4 Rc8 8. c4 e5 9. Qd3 b5 10. Na3 Qb6 11. Bd2 Nf6 12. Rac1 Be7 13. h3 Qb7 14. Rfe1 h6 15. b3 O-O 16. Ba5 d5 17. exd5 Bxa3 18. Nxe5 Bxc1 19. Rxc1 bxc4 20. bxc4 Rfe8 21. Rb1 Bf5 22. Rxb7 Bxd3 23. Nxd3 Rxc4 24. Nb4 Rc5 25. Bc7 Nxd5 26. Nxd5 Rxd5 27. Rb6 Ra5 28. Rb2 Ra4 29. g4 Re1+ 30. Kg2 Ra1 31. Rb8+ Kh7 32. Rb7 R1xa2 33. Bg3 f6 34. Bd6 Kg8 35. Rb8+ Kf7 36. Rb7+ Ke6 37. Bc5 Rc4 38. Be3 g5 39. Rb6+ Kf7 40. Rb7+ Kg6 41. Kf3 a5 42. Ra7 a4 43. Kg3 h5 44. gxh5+ Kxh5 45. Ra6 Kg6 46. Kf3 a3 47. Kg3 Ra1 48. Kf3 a2 0-1


[Site "https://www.chess.com"]

[Event "Titled Tuesday Blitz January 10 Late 2023"]
[White "Bazeev, German"]
[Black "Chigaev, Maksim"]
[WhiteFideId "24119350"]
[BlackFideId "4108116"]
[WhiteElo "2369"]
[BlackElo "2628"]
[Result "0-1"]
[Round "05"]
[TimeControl "180+2"]
[Date "2023.01.10"]
[WhiteClock "0:01:46"]
[BlackClock "0:02:05"]

1. d4 Nf6 2. Nf3 g6 3. c4 Bg7 4. Nc3 O-O 5. Bg5 d6 6. e3 c5 7. Be2 h6 8. Bh4 g5 9. Bg3 Nh5 10. dxc5 Nxg3 11. hxg3 dxc5 12. Qc2 e6 13. Rd1 Qe7 14. Nh2 f5 15. f4 Nc6 16. Nf3 Bd7 17. a3 Rad8 18. Kd2 Nb4 0-1


[Site "https://www.chess.com"]

[Event "Titled Tuesday Blitz January 10 Late 2023"]
[White "Tristan, Leonardo"]
[Black "Keymer, Vincent"]
[WhiteFideId "113816"]
[BlackFideId "12940690"]
[WhiteElo "2545"]
[BlackElo "2700"]
[Result "1-0"]
[Round "05"]
[TimeControl "180+2"]
[Date "2023.01.10"]
[WhiteClock "0:00:36"]
[BlackClock "0:00:14"]

1. d4 Nf6 2. Nf3 e6 3. Bf4 c5 4. e3 Nc6 5. c3 h6 6. h3 Nh5 7. Bh2 Nf6 8. Nbd2 d5 9. Bd3 Bd6 10. Ne5 Qc7 11. f4 Bd7 12. O-O Ne7 13. g4 Bc6 14. Qf3 Nd7 15. Bg3 Rf8 16. Rac1 Qb6 17. Rb1 Bb5 18. c4 Bc6 19. Nxd7 Bxd7 20. b4 cxd4 21. c5 Bxc5 22. bxc5 Qxc5 23. Nb3 Qc3 24. exd4 Qc7 25. f5 Qd8 26. Nc5 b6 27. Nb7 1-0


[Site "https://www.chess.com"]

[Event "Titled Tuesday Blitz January 10 Late 2023"]
[White "Dimitrov, Atanas"]
[Black "Mosadeghpour, Masoud"]
[WhiteFideId "2901315"]
[BlackFideId "12519278"]
[WhiteElo "2269"]
[BlackElo "2472"]
[Result "0-1"]
[Round "05"]
[TimeControl "180+2"]
[Date "2023.01.10"]
[WhiteClock "0:00:05"]
[BlackClock "0:01:14"]

1. Nf3 Nf6 2. c4 e6 3. Nc3 d5 4. e3 c5 5. cxd5 exd5 6. d4 Nc6 7. Be2 Be7 8. dxc5 O-O 9. O-O Bxc5 10. b3 Be6 11. Bb2 Rc8 12. Rc1 Re8 13. Nxd5 Qxd5 14. Qxd5 Nxd5 15. Rxc5 Ncb4 16. Rxc8 Rxc8 17. Nd4 Nxa2 18. Nxe6 fxe6 19. Bc4 Nab4 20. g3 Kf7 21. Rd1 a6 22. Bd4 b5 23. Bxd5 Nxd5 24. Ra1 Rc6 25. Kg2 Nb4 26. h4 Nc2 27. Ra2 Ne1+ 28. Kf1 Nd3 29. Rd2 Nb4 30. Ke2 a5 31. Be5 Nd5 32. e4 Nf6 33. f3 a4 34. bxa4 bxa4 35. Bxf6 Kxf6 36. Ke3 Ra6 37. Ra2 a3 38. f4 e5 39. g4 exf4+ 40. Kxf4 Ke6 41. h5 h6 42. g5 Ra5 43. gxh6 gxh6 44. e5 Ra4+ 45. Ke3 Kxe5 46. Kd3 Kf5 47. Kc3 Kg5 48. Kb3 Ra8 49. Rg2+ Kxh5 50. Ka2 Ra4 51. Rh2+ Rh4 52. Rf2 Rh3 53. Rf4 Rg3 54. Rf8 Kg5 55. Rh8 h5 56. Rg8+ Kh4 57. Rc8 Kh3 58. Rc1 h4 59. Rh1+ Kg4 60. Rc1 Rf3 61. Rc4+ Kg3 62. Rc8 h3 63. Rg8+ Kf2 64. Rh8 Kg2 65. Rg8+ Rg3 66. Rc8 h2 67. Rc2+ Kh3 68. Rc1 Rg2+ 69. Kxa3 Rg1 70. Rc3+ Rg3 0-1


[Site "https://www.chess.com"]

[Event "Titled Tuesday Blitz January 10 Late 2023"]
[White "Zierk, Steven"]
[Black "Barrientos, Sergio E"]
[WhiteFideId "2034255"]
[BlackFideId "4401824"]
[WhiteElo "2488"]
[BlackElo "2479"]
[Result "1-0"]
[Round "05"]
[TimeControl "180+2"]
[Date "2023.01.10"]
[WhiteClock "0:01:27"]
[BlackClock "0:00:12"]

1. e4 c5 2. Nf3 e6 3. d4 cxd4 4. Nxd4 a6 5. c4 Qc7 6. Nc3 Nf6 7. a3 b6 8. Be3 Bb7 9. f3 Nc6 10. Rc1 Nxd4 11. Bxd4 Bd6 12. g3 h5 13. Bg2 h4 14. f4 hxg3 15. hxg3 Rxh1+ 16. Bxh1 Bc5 17. b4 Bxd4 18. Qxd4 Rc8 19. Na4 b5 20. Nb6 Rd8 21. c5 d6 22. c6 e5 23. fxe5 dxe5 24. Qc5 Bc8 25. Bf3 Be6 26. Rd1 Rxd1+ 27. Kxd1 Bc4 28. Nd5 Bxd5 29. exd5 e4 30. d6 Qb8 31. Qe5+ Kf8 32. c7 Qc8 33. Qe7+ Kg8 34. Qd8+ 1-0


[Site "https://www.chess.com"]

[Event "Titled Tuesday Blitz January 10 Late 2023"]
[White "Sai Krishna G V"]
[Black "Jones, Gawain C B"]
[WhiteFideId "5028280"]
[BlackFideId "409561"]
[WhiteElo "2384"]
[BlackElo "2618"]
[Result "1-0"]
[Round "05"]
[TimeControl "180+2"]
[Date "2023.01.10"]
[WhiteClock "0:00:23"]
[BlackClock "0:00:03"]

1. e4 c6 2. d4 d5 3. Nc3 dxe4 4. Nxe4 Nf6 5. Nxf6+ exf6 6. c3 Bd6 7. Bd3 O-O 8. Ne2 Re8 9. Qc2 h5 10. Be3 Nd7 11. O-O-O b5 12. g4 hxg4 13. h3 g3 14. Rdg1 gxf2 15. Bxf2 Bb7 16. Ng3 Bxg3 17. Rxg3 Qc7 18. Rhg1 Qf4+ 19. Kb1 Qh6 20. Bf5 Nf8 21. Qd2 Qh8 22. Rxg7+ Qxg7 23. Rxg7+ Kxg7 24. h4 c5 25. Qf4 Ng6 26. Qg4 cxd4 27. h5 Bc8 28. hxg6 Bxf5+ 29. Qxf5 fxg6 30. Qd7+ Kh6 31. Bxd4 Re1+ 32. Kc2 Rf8 33. Bxf6 Re2+ 34. Kd3 Rxf6 35. Kxe2 g5 36. Qxa7 Rf5 37. a4 bxa4 38. Qxa4 Kh5 39. Qe4 Rf7 40. Qh1+ Kg4 41. b4 Kg3 42. b5 g4 43. Qg1+ Kh3 44. Qh1+ Kg3 45. b6 Rf2+ 46. Ke3 Rf3+ 47. Qxf3+ gxf3 48. b7 f2 49. b8=Q+ Kg2 50. Qf4 Kh1 51. Qh4+ Kg1 52. Qxf2+ Kh1 53. Qf3+ 1-0


[Site "https://www.chess.com"]

[Event "Titled Tuesday Blitz January 10 Late 2023"]
[White "Kamsky, Gata"]
[Black "Hernandez Gonzalez, William"]
[WhiteFideId "2000024"]
[BlackFideId "3509915"]
[WhiteElo "2665"]
[BlackElo "2489"]
[Result "1-0"]
[Round "05"]
[TimeControl "180+2"]
[Date "2023.01.10"]
[WhiteClock "0:00:47"]
[BlackClock "0:00:21"]

1. e4 c5 2. Nf3 d6 3. d4 cxd4 4. Nxd4 Nf6 5. Nc3 g6 6. Be3 a6 7. a4 Bg7 8. f3 O-O 9. Qd2 b6 10. Bc4 Bb7 11. O-O Nbd7 12. Rfd1 Rc8 13. Qe2 Ra8 14. Nd5 Nxd5 15. exd5 Qc7 16. c3 Nf6 17. Nc2 Rfe8 18. Nb4 a5 19. Nc2 e5 20. dxe6 fxe6 21. Na3 d5 22. Bb5 Bc6 23. Bxc6 Qxc6 24. Qb5 Qxb5 25. Nxb5 Rab8 26. Rd2 Nd7 27. Re1 Ne5 28. Bf4 Nc4 29. Rde2 e5 30. Bg3 Rbd8 31. b3 Nd6 32. Nc7 Rf8 33. Ne6 1-0


[Site "https://www.chess.com"]

[Event "Titled Tuesday Blitz January 10 Late 2023"]
[White "Tatarinov, Dmitry"]
[Black "Melkumyan, Hrant"]
[WhiteFideId "24160067"]
[BlackFideId "13302485"]
[WhiteElo "2310"]
[BlackElo "2645"]
[Result "1-0"]
[Round "05"]
[TimeControl "180+2"]
[Date "2023.01.10"]
[WhiteClock "0:00:16"]
[BlackClock "0:00:09"]

1. c4 Nf6 2. Nf3 g6 3. g3 b6 4. Bg2 Bb7 5. O-O Bg7 6. Nc3 O-O 7. Re1 Ne4 8. Nxe4 Bxe4 9. d3 Bb7 10. e4 c5 11. h4 Nc6 12. h5 d6 13. Rb1 Qd7 14. Be3 Ne5 15. h6 Bh8 16. Nxe5 dxe5 17. b4 cxb4 18. Rxb4 Rfd8 19. Rb3 Bf6 20. Qb1 Bc6 21. Rc1 e6 22. Qb2 Rac8 23. c5 b5 24. Ra3 Rb8 25. Ra6 Rdc8 26. Qb4 Bd8 27. d4 exd4 28. Bxd4 Be7 29. Be5 Ra8 30. Bd6 Bg5 31. Rd1 Bxh6 32. Rxc6 Rxc6 33. e5 a6 34. Bf3 Bg7 35. Kg2 Rac8 36. Rd3 Qa7 37. Bxc6 Rxc6 38. Qa5 Qa8 39. Kh2 h5 40. Qd2 Rc8 41. Qf4 Qb7 42. g4 hxg4 43. Qxg4 Rd8 44. Rh3 Qc8 45. Qh4 Rxd6 46. exd6 Qd7 47. Qe7 Be5+ 48. Kg1 Qc8 49. d7 1-0


[Site "https://www.chess.com"]

[Event "Titled Tuesday Blitz January 10 Late 2023"]
[White "UnknownMagician"]
[Black "Svane, Frederik"]
[BlackFideId "12923044"]
[WhiteElo "2662"]
[BlackElo "2600"]
[Result "0-1"]
[Round "05"]
[TimeControl "180+2"]
[Date "2023.01.10"]
[WhiteClock "0:00:47"]
[BlackClock "0:00:19"]

1. c4 e6 2. Nf3 d5 3. e3 Nf6 4. Nc3 Bd6 5. b3 O-O 6. Bb2 c5 7. cxd5 exd5 8. d4 cxd4 9. Nxd4 Nc6 10. Bb5 Nxd4 11. Qxd4 a6 12. Be2 Re8 13. O-O Be5 14. Qd2 Be6 15. Bf3 Qa5 16. a3 Rac8 17. b4 Qc7 18. Rac1 Qd6 19. Rfd1 Bxh2+ 20. Kh1 Be5 21. Ne2 Rxc1 22. Rxc1 Bg4 23. Bxe5 Qxe5 24. Nd4 h6 25. Kg1 h5 26. Qc3 Qg5 27. Bxg4 hxg4 28. Ne2 Ne4 29. Qd4 g3 30. Nxg3 Nxg3 31. fxg3 Rxe3 32. Rc8+ Kh7 33. Qh4+ Qxh4 34. gxh4 Rxa3 35. Rd8 Rb3 36. Rxd5 Rxb4 37. g3 b5 38. Rd6 a5 39. Ra6 a4 40. Kg2 Rb3 41. g4 f6 42. g5 fxg5 43. hxg5 a3 44. Kf2 b4 45. Ke2 Rb2+ 46. Kd3 a2 47. Kc4 b3 0-1


[Site "https://www.chess.com"]

[Event "Titled Tuesday Blitz January 10 Late 2023"]
[White "Ibarra Jerez, Jose Carlos"]
[Black "Hamley, Ryan"]
[WhiteFideId "2226332"]
[BlackFideId "30959497"]
[WhiteElo "2563"]
[BlackElo "2092"]
[Result "1-0"]
[Round "05"]
[TimeControl "180+2"]
[Date "2023.01.10"]
[WhiteClock "0:00:07"]
[BlackClock "0:00:07"]

1. Nf3 Nf6 2. g3 g6 3. b3 Bg7 4. Bb2 O-O 5. Bg2 d5 6. c4 c5 7. cxd5 Nxd5 8. Bxg7 Kxg7 9. O-O Nc6 10. d4 cxd4 11. Nxd4 Nxd4 12. Qxd4+ Nf6 13. Qe5 Re8 14. Nc3 Qb6 15. Na4 Qd6 16. Qxd6 exd6 17. e3 Rb8 18. Rfd1 Rd8 19. Rac1 Bg4 20. Rd4 b5 21. Nb2 Bf5 22. Rc6 Ne8 23. g4 Bc8 24. Rc2 Bb7 25. Bxb7 Rxb7 26. Nd3 Kf6 27. Nb4 a5 28. Nd5+ Kg7 29. g5 Kf8 30. Rh4 Kg8 31. Re4 Kg7 32. Kg2 f6 33. h4 h6 34. Nf4 Ra8 35. Ne6+ Kf7 36. gxh6 Re7 37. h7 Ng7 38. Nc7 Rh8 39. Rxe7+ Kxe7 40. Nd5+ Ke6 41. Nf4+ Kf5 42. Rc7 Rxh7 43. Kf3 g5 44. e4+ Ke5 45. Ng6+ Kd4 46. Nf8 gxh4 47. Nxh7 Ne6 48. Rc1 Nc5 49. Rd1+ Ke5 50. Rd5+ Ke6 51. Rh5 Nd3 52. Rxh4 Ne5+ 53. Ke2 a4 54. Rh6 axb3 55. Rxf6+ Kd7 56. axb3 Nc6 57. Rg6 Nd4+ 58. Kd3 Nxb3 59. Nf6+ Kc6 60. Nd5 Nc5+ 61. Ke3 b4 62. Rg8 b3 63. Rb8 Kd7 64. f4 Ke6 65. f5+ Kf7 66. Rb6 Nd7 67. Rb7 Ke8 68. Rxb3 Ne5 69. Rb7 1-0


[Site "https://www.chess.com"]

[Event "Titled Tuesday Blitz January 10 Late 2023"]
[White "Tologon tegin, Semetei"]
[Black "Makarian, Rudik"]
[WhiteFideId "13800574"]
[BlackFideId "44105681"]
[WhiteElo "2372"]
[BlackElo "2545"]
[Result "0-1"]
[Round "05"]
[TimeControl "180+2"]
[Date "2023.01.10"]
[WhiteClock "0:00:03"]
[BlackClock "0:00:11"]

1. Nf3 Nf6 2. g3 b5 3. e3 a6 4. a4 b4 5. Bg2 Bb7 6. O-O e6 7. c4 Be7 8. b3 O-O 9. Bb2 c5 10. d4 a5 11. Nbd2 d5 12. Ne5 Nbd7 13. Qe2 Nxe5 14. dxe5 Nd7 15. f4 Nb6 16. Rad1 Qc7 17. cxd5 Nxd5 18. e4 Nb6 19. f5 c4 20. Nxc4 Nxc4 21. bxc4 Bc5+ 22. Kh1 Rfd8 23. Qg4 Qc6 24. Qg5 Rxd1 25. Rxd1 h6 26. Qd2 Qxe4 27. fxe6 fxe6 28. h4 Qxg2+ 29. Qxg2 Bxg2+ 30. Kxg2 Rc8 31. Kf3 Kf7 32. Ke4 Ke7 33. h5 Bf2 34. g4 Rxc4+ 35. Kf3 Rc2 36. Bd4 Bxd4 37. Rxd4 b3 38. Rd1 b2 39. Rb1 Kd7 40. Ke3 Kc6 41. Kd3 Rg2 42. Kc3 Kd5 43. Rd1+ Kxe5 44. Kc4 Kf4 45. Kb5 Rc2 46. Rb1 e5 47. Kxa5 e4 48. Kb4 e3 49. Kb3 Rd2 50. Kc3 Kf3 51. a5 Rd5 52. a6 Ra5 53. Rxb2 Rxa6 54. Kd4 e2 55. Rb3+ Kf2 56. Rb2 Kf1 57. Ke3 e1=Q+ 0-1


[Site "https://www.chess.com"]

[Event "Titled Tuesday Blitz January 10 Late 2023"]
[White "Ismagilov, Damir"]
[Black "Indjic, Aleksandar"]
[WhiteFideId "34199982"]
[BlackFideId "911925"]
[WhiteElo "2156"]
[BlackElo "2618"]
[Result "0-1"]
[Round "05"]
[TimeControl "180+2"]
[Date "2023.01.10"]
[WhiteClock "0:00:02"]
[BlackClock "0:01:04"]

1. e4 c6 2. d4 d5 3. e5 Bf5 4. c4 e6 5. Nc3 Bb4 6. cxd5 Qxd5 7. Ne2 c5 8. Bd2 Bxc3 9. Bxc3 Nc6 10. dxc5 Qxc5 11. Qd6 Qxd6 12. exd6 Nf6 13. Bxf6 gxf6 14. Ng3 Bg6 15. O-O-O O-O-O 16. f4 f5 17. Bb5 a6 18. Bxc6 bxc6 19. Rd4 Kd7 20. Rhd1 Rb8 21. Nf1 Rb5 22. Ne3 Rhb8 23. b3 Bh5 24. R1d2 Rc5+ 25. Kb2 f6 26. Ra4 a5 27. Nc4 Rbb5 28. Rd3 Be2 29. Rd4 Bxc4 30. Raxc4 Rxc4 31. Rxc4 Kxd6 32. Rc3 Rd5 33. Rg3 Rd4 34. Kc3 Rxf4 35. Rg7 h5 36. g3 Rf2 37. h4 Rxa2 38. Rh7 Rg2 39. Rxh5 Rxg3+ 40. Kc4 f4 41. Rh6 f5 42. h5 Ke5 43. Rh8 Ke4 44. h6 e5 45. h7 Rh3 46. Kc5 f3 47. Kxc6 f2 48. Rd8 f1=Q 49. h8=Q Qa6+ 0-1


[Site "https://www.chess.com"]

[Event "Titled Tuesday Blitz January 10 Late 2023"]
[White "Averjanov, Alexey"]
[Black "Abdrlauf, Elham"]
[WhiteFideId "14109867"]
[BlackFideId "1533533"]
[WhiteElo "2399"]
[BlackElo "2518"]
[Result "1-0"]
[Round "05"]
[TimeControl "180+2"]
[Date "2023.01.10"]
[WhiteClock "0:02:13"]
[BlackClock "0:00:08"]

1. d4 Nf6 2. c4 e6 3. Nf3 d5 4. e3 Be7 5. Nbd2 O-O 6. Bd3 b6 7. O-O Ba6 8. Qe2 c5 9. b3 Nc6 10. Bb2 Rc8 11. Rac1 cxd4 12. Nxd4 Nxd4 13. Bxd4 Ba3 14. Rc2 Qe7 15. Bb2 Bxb2 16. Rxb2 dxc4 17. Bxc4 Bb7 18. Ba6 Qa3 19. Bxb7 Qxb2 20. Bxc8 Rxc8 21. Qa6 Rd8 22. Nc4 Qe2 23. Qxa7 h6 24. h3 Nd5 25. Rc1 1-0


[Site "https://www.chess.com"]

[Event "Titled Tuesday Blitz January 10 Late 2023"]
[White "Boros, Denes"]
[Black "Chor, Kevin"]
[WhiteFideId "722340"]
[BlackFideId "2090740"]
[WhiteElo "2406"]
[BlackElo "1944"]
[Result "0-1"]
[Round "05"]
[TimeControl "180+2"]
[Date "2023.01.10"]
[WhiteClock "0:00:19"]
[BlackClock "0:00:05"]

1. d4 Nf6 2. Nc3 d5 3. Nf3 Bf5 4. Ne5 e6 5. e3 Bd6 6. g4 Bxe5 7. gxf5 Bd6 8. Qf3 O-O 9. fxe6 fxe6 10. Qh3 Qe8 11. Bd3 c5 12. Nb5 Qe7 13. Nxd6 Qxd6 14. dxc5 Qxc5 15. Qxe6+ Kh8 16. Bd2 Nc6 17. O-O-O Rae8 18. Qh3 d4 19. Kb1 a5 20. exd4 Nxd4 21. Be3 Qd6 22. Bg6 Qe6 23. Qxe6 Rxe6 24. Rxd4 hxg6 25. Rg1 Ne4 26. a4 Nxf2 27. Bd2 Ne4 28. Bxa5 Kh7 29. Bb4 Rf2 30. Re1 Rf4 31. Ka2 g5 32. a5 Kg6 33. c3 Kf5 34. Ka3 Kg4 35. Rd7 Kh3 36. Rxb7 Kxh2 37. Rb6 Re8 38. Re2+ Kh3 39. Re3+ Kg2 40. a6 g4 41. Rg6 Ra8 42. Kb3 Kf2 43. Rd3 g3 44. Bd6 Rxa6 45. Rgxg3 Rxd6 46. Rxd6 Kxg3 47. Rg6+ Rg4 48. Ra6 Nc5+ 0-1


[Site "https://www.chess.com"]

[Event "Titled Tuesday Blitz January 10 Late 2023"]
[White "Kourkoulos-Arditis, Stamatis"]
[Black "Kazakouski, Valery"]
[WhiteFideId "4221990"]
[BlackFideId "13507443"]
[WhiteElo "2539"]
[BlackElo "2539"]
[Result "0-1"]
[Round "05"]
[TimeControl "180+2"]
[Date "2023.01.10"]
[WhiteClock "0:00:19"]
[BlackClock "0:00:27"]

1. b3 e5 2. Bb2 Nc6 3. e3 Nf6 4. Bb5 Bd6 5. Na3 Be7 6. Nc4 e4 7. Bxc6 bxc6 8. f4 d6 9. Ne2 Be6 10. O-O O-O 11. h3 Qb8 12. Rb1 Qb7 13. f5 Bxc4 14. bxc4 Qa6 15. d3 Rfe8 16. Qd2 Rab8 17. a3 Nd7 18. Ng3 Bf6 19. Bxf6 Rxb1 20. Rxb1 Nxf6 21. Rb3 h5 22. Kf2 h4 23. Ne2 Qc8 24. Qa5 c5 25. Kg1 exd3 26. Rxd3 Ne4 27. Nf4 Qxf5 28. Qxc7 g5 29. Rd5 Qf6 30. Qd7 Rb8 31. Rf5 Ng3 32. Nd5 Rb1+ 0-1


[Site "https://www.chess.com"]

[Event "Titled Tuesday Blitz January 10 Late 2023"]
[White "Fiorito, Joaquin"]
[Black "Putnam, Liam"]
[WhiteFideId "180173"]
[BlackFideId "30938279"]
[WhiteElo "2405"]
[BlackElo "2285"]
[Result "1-0"]
[Round "05"]
[TimeControl "180+2"]
[Date "2023.01.10"]
[WhiteClock "0:00:39"]
[BlackClock "0:00:05"]

1. d4 Nf6 2. Nc3 d5 3. Bf4 a6 4. e3 e6 5. g4 c5 6. g5 Nfd7 7. Nf3 Nc6 8. Bg2 b5 9. e4 dxe4 10. Nxe4 Be7 11. dxc5 O-O 12. Bd6 Bb7 13. O-O Rc8 14. c3 Na5 15. Bxe7 Qxe7 16. Qd6 Qe8 17. Nfd2 Bxe4 18. Nxe4 Nc4 19. Qd4 Qe7 20. b3 Na5 21. b4 Nc4 22. Rad1 Rfd8 23. Nd6 Nxd6 24. Qxd6 Qxg5 25. Qxa6 Ne5 26. Rxd8+ Rxd8 27. f4 Qg6 28. fxe5 h5 29. Qxb5 Rd2 30. Qb8+ Kh7 31. Qb7 Rxa2 32. Qe4 Rc2 33. Qxg6+ fxg6 34. c6 Rxc3 35. b5 Rc5 36. b6 Rxe5 37. b7 1-0


[Site "https://www.chess.com"]

[Event "Titled Tuesday Blitz January 10 Late 2023"]
[White "Martins, Bruno Andre Leite"]
[Black "Fernandez Guillen, Ernesto J."]
[WhiteFideId "1942255"]
[BlackFideId "3512428"]
[WhiteElo "2348"]
[BlackElo "2477"]
[Result "0-1"]
[Round "05"]
[TimeControl "180+2"]
[Date "2023.01.10"]
[WhiteClock "0:00:06"]
[BlackClock "0:00:12"]

1. e4 e5 2. Nf3 Nc6 3. d4 exd4 4. Nxd4 g6 5. Nxc6 bxc6 6. Qd4 Qf6 7. Qxf6 Nxf6 8. Nc3 d6 9. Bf4 Bg7 10. O-O-O Be6 11. f3 Nd7 12. Be3 O-O 13. Bd4 a5 14. Bxg7 Kxg7 15. h4 h5 16. Be2 Ne5 17. b3 Nd7 18. Rd4 Nb6 19. g4 c5 20. Rdd1 hxg4 21. fxg4 a4 22. h5 g5 23. h6+ Kh8 24. Rh5 f6 25. Rf1 axb3 26. axb3 Ra1+ 27. Nb1 Nd7 28. Kb2 Raa8 29. Nd2 Ne5 30. Rg1 Rab8 31. Kc3 Ng6 32. Rh2 Nf4 33. Bc4 c6 34. Bxe6 Nxe6 35. Rf2 d5 36. Rgf1 Nf4 37. Re1 Rfe8 38. Rf3 Re5 39. Rf2 Kh7 40. Rh1 Rb4 41. exd5 cxd5 42. Nf3 Re3+ 43. Kd2 Rbe4 44. Ra1 Re2+ 45. Rxe2 Rxe2+ 46. Kd1 Rf2 47. Ra7+ Kxh6 48. Ne1 Rf1 49. Kd2 Rg1 50. Rc7 Rxg4 51. Rxc5 Rg3 52. b4 Ra3 53. b5 Ra1 54. Nd3 Nxd3 55. Kxd3 Rb1 56. Rxd5 g4 57. c4 g3 58. Rd8 Kg7 59. Rd7+ Kg6 60. Rd8 Kf5 61. Rg8 Kf4 62. Kd4 f5 63. Kc5 Kf3 64. b6 f4 65. Kc6 Kg2 66. c5 f3 67. Kc7 f2 68. Rf8 f1=Q 69. Rxf1 Kxf1 70. b7 g2 71. b8=Q Rxb8 72. Kxb8 g1=Q 73. c6 Qb6+ 0-1


[Site "https://www.chess.com"]

[Event "Titled Tuesday Blitz January 10 Late 2023"]
[White "Boruchovsky, Avital"]
[Black "Janaszak, Dawid"]
[WhiteFideId "2800055"]
[BlackFideId "1119206"]
[WhiteElo "2539"]
[BlackElo "2316"]
[Result "1-0"]
[Round "05"]
[TimeControl "180+2"]
[Date "2023.01.10"]
[WhiteClock "0:00:02"]
[BlackClock "0:00:01"]

1. d4 d5 2. Nf3 c5 3. dxc5 Nf6 4. e3 Nc6 5. c3 e5 6. b4 e4 7. Nd4 Be7 8. c4 Nxb4 9. Qa4+ Nc6 10. Nxc6 bxc6 11. cxd5 Qxd5 12. Bc4 Qd7 13. O-O O-O 14. Rd1 Nd5 15. Nc3 Nxc3 16. Rxd7 Nxa4 17. Rxe7 Nxc5 18. Ba3 Be6 19. Rc1 Nd3 20. Rc3 Rfd8 21. Bxe6 fxe6 22. h3 Rab8 23. Rxc6 Rb1+ 24. Kh2 Rb5 25. Rcc7 Rg5 26. Rxe6 Nxf2 27. Be7 Re8 28. Bxg5 Rxe6 29. Rxa7 h6 30. Bh4 Nd3 31. a4 Rc6 32. Bg3 g5 33. a5 h5 34. Bc7 h4 35. Kg1 Rc1+ 36. Kh2 Rc2 37. Bb6 Ne1 38. Kg1 Rc1 39. Kf2 Nd3+ 40. Ke2 Rc2+ 41. Kd1 1-0


[Site "https://www.chess.com"]

[Event "Titled Tuesday Blitz January 10 Late 2023"]
[White "Aggelis, Nikolaos"]
[Black "Corrales Jimenez, Fidel"]
[WhiteFideId "4213220"]
[BlackFideId "3506690"]
[WhiteElo "2270"]
[BlackElo "2489"]
[Result "1-0"]
[Round "05"]
[TimeControl "180+2"]
[Date "2023.01.10"]
[WhiteClock "0:00:12"]
[BlackClock "0:00:03"]

1. Nf3 c5 2. g3 Nc6 3. d4 cxd4 4. Nxd4 Nf6 5. Nxc6 bxc6 6. Bg2 d5 7. c4 e6 8. O-O Be7 9. b3 O-O 10. Bb2 Ba6 11. Qc2 dxc4 12. Rd1 Qa5 13. h3 Rac8 14. Nc3 Nd5 15. Ne4 cxb3 16. axb3 Qb6 17. Nd2 Bxe2 18. Re1 Nb4 19. Qe4 Bd3 20. Qg4 Bg6 21. Nc4 Qb8 22. Be5 Qa8 23. Bd6 Bxd6 24. Nxd6 Rb8 25. h4 h5 26. Qc4 Rfd8 27. Rxe6 Nd5 28. Rxg6 fxg6 29. Ne4 Qb7 30. Ng5 Qe7 31. Qxc6 Qd6 32. Bxd5+ Qxd5 33. Qxg6 Qd3 34. Qf7+ Kh8 35. Rxa7 Qd1+ 36. Kh2 Qd4 37. Qxh5+ Kg8 38. Qh7+ Kf8 39. Qh8# 1-0


[Site "https://www.chess.com"]

[Event "Titled Tuesday Blitz January 10 Late 2023"]
[White "Yurovskykh, Oleksandr"]
[Black "Preotu, Razvan"]
[WhiteFideId "14134020"]
[BlackFideId "2613280"]
[WhiteElo "2328"]
[BlackElo "2475"]
[Result "1/2-1/2"]
[Round "05"]
[TimeControl "180+2"]
[Date "2023.01.10"]
[WhiteClock "0:00:06"]
[BlackClock "0:00:07"]

1. d4 Nf6 2. Nf3 g6 3. Bg5 Bg7 4. Nbd2 O-O 5. c3 d6 6. e4 c5 7. d5 h6 8. Bh4 e6 9. dxe6 Bxe6 10. Bc4 Bxc4 11. Bxf6 Qxf6 12. Nxc4 Qe6 13. Qd5 Re8 14. O-O-O Qxd5 15. Rxd5 Rxe4 16. Nxd6 Re2 17. Nxb7 Na6 18. Rd2 Re7 19. Nd6 h5 20. Nc4 Bh6 21. Ne3 Bxe3 22. fxe3 Rxe3 23. Re1 Rxe1+ 24. Nxe1 Nc7 25. Nd3 Ne6 26. Ne5 Rd8 27. Rxd8+ Nxd8 28. Kc2 g5 29. Kd3 f5 30. g3 Nb7 31. Nc6 Kf7 32. Nxa7 Ke6 33. Nb5 Ke5 34. b4 f4 35. gxf4+ Kxf4 36. a4 g4 37. a5 cxb4 38. cxb4 Nd8 39. Nd4 Nf7 40. a6 Ne5+ 41. Ke2 Nd7 42. Ne6+ Ke5 43. Nc5 Nb6 44. a7 Kd5 45. Na4 Na8 46. b5 h4 47. b6 Kc6 48. Ke3 g3 49. hxg3 hxg3 50. Kf3 Kb7 51. Kxg3 Nxb6 52. Nxb6 Kxa7 1/2-1/2


[Site "https://www.chess.com"]